 Dungeon Crawl Stone Soup version 0.29-a0-22-gbf593b16ee (webtiles) character file.

Game seed: 4449645006151525930

120 Sabo the Conjurer (level 5, 0/31 HPs)
             Began as an Octopode Conjurer on Jan 28, 2022.
             Was an Initiate of Qazlal.
             Slain by a lorocyproca (28 damage)
             ... on level 2 of the Abyss on Jan 29, 2022.
             The game lasted 00:27:30 (3546 turns).

Sabo the Conjurer (Octopode Conjurer)               Turns: 3546, Time: 00:27:31

Health: 0/31       AC:  1    Str:  6    XL:     5   Next: 4%
Magic:  8/8        EV: 13    Int: 22    God:    Qazlal [......]
Gold:   102        SH:  0    Dex: 11    Spells: 6/9 levels left

rFire   . . .      SeeInvis .   k - staff of conjuration
rCold   . . .      Faith    .   (no shield)
rNeg    . . .      Spirit   .   (helmet restricted)
rPois   .          Reflect  .   (no amulet)
rElec   .          Harm     .   (no ring)
rCorr   .          Rampage  .   (no ring)
Will    .....                   (no ring)
Stlth   +++.......              (no ring)
HPRegen 0.10/turn               (no ring)
MPRegen 0.11/turn               (no ring)
                                (no ring)
                                (no ring)

@: no status effects
A: almost no armour, amphibious, 8 rings, camouflage 1, gelatinous body 1,
(nimble swimmer 1), tentacles
a: Renounce Religion


You were on level 2 of the Abyss.
You worshipped Qazlal.
Qazlal was noncommittal.
You visited 1 branch of the dungeon, and saw 4 of its levels.
You visited the Abyss 1 time.

You collected 138 gold pieces.
You spent 36 gold pieces at shops.

Inventory:

Hand Weapons
 b - a +2 vampiric hand axe
Missiles
 a - 17 arrows
 h - 4 poisoned darts
 o - 15 bolts
Magical Staves
 k - a staff of conjuration (weapon)
Wands
 c - a wand of iceblast (7) (quivered)
 m - a wand of mindburst (15)
Scrolls
 d - a scroll of enchant armour {unknown}
 g - a scroll of vulnerability {unknown}
 i - 2 scrolls of teleportation {unknown}
 j - a scroll of magic mapping {unknown}
 n - a scroll of holy word {unknown}
Potions
 f - 2 potions of ambrosia {unknown}
 l - a potion of resistance {unknown}


   Skills:
 + Level 1.1 Axes
 + Level 0.1 Staves
 + Level 2.4 Dodging
 + Level 3.6 Stealth
 + Level 2.5 Spellcasting
 + Level 5.2 Conjurations


You had 6 spell levels left.
You knew the following spells:

 Your Spells              Type           Power      Damage    Failure   Level
a - Magic Dart            Conj           100%       1d8       1%          1
b - Searing Ray           Conj           76%        2d7       2%          2

Your spell library contained the following spells:

 Spells                   Type           Power      Damage    Failure   Level
 Slow                     Hex            8%         N/A       13%         1
 Dazzling Flash           Conj/Hex       42%        N/A       14%         3
 Confusing Touch          Hex            2%         N/A       36%         3
 Vampiric Draining        Necr           2%         2d6       36%         3
 Fulminant Prism          Conj/Hex       10%        3d9       41%         4
 Iskenderun's Mystic Bla  Conj/Tloc      21%        2d6       41%         4


Dungeon Overview and Level Annotations

Branches:
Dungeon (4/15)
 Temple: D:4-7

Altars:
Qazlal

Shops:
D:2 !


Innate Abilities, Weirdness & Mutations

You cannot wear most types of armour.
You are amphibious.
You can wear up to eight rings at the same time.
Your skin changes colour to match your surroundings (Stealth+).
Your rubbery body absorbs attacks. (AC +1, EV +1)
((You are camouflaged when in or above water. (Stealth+)))
You have tentacles for arms and can constrict up to eight enemies at once.


Message History

The orc priest mumbles some strange prayers to Beogh against you.
Beogh smites you!
Casting: Magic Dart (safe; 1% risk of failure)
Confirm with . or Enter, or press ? or * to list all spells.
Aiming: Magic Dart (safe; 1% risk of failure)
Press: ? - help, Shift-Dir - straight line, f - orc priest
Aim: an orc priest, wielding a +1 hand axe of distortion (100% to hit)
You feel a surge of power!
The magic dart hits the orc priest but does no damage.
Casting: Magic Dart (safe; 1% risk of failure)
Confirm with . or Enter, or press ? or * to list all spells.
Aiming: Magic Dart (safe; 1% risk of failure)
Press: ? - help, Shift-Dir - straight line, f/p - orc priest
Aim: an orc priest, wielding a +1 hand axe of distortion (100% to hit)
You feel a surge of power!
The magic dart hits the orc priest.
The orc priest is moderately wounded.
You feel better.
You barely miss the orc priest. Your grab misses the orc priest.
The orc priest is moderately wounded.
The orc priest barely misses you.
You hit the orc priest. Your grab misses the orc priest.
The orc priest is heavily wounded.
The orc priest hits you with a +1 hand axe of distortion!
You are cast into the Abyss!
This branch contains the abyssal rune of Zot.
Found a corrupted altar of Lugonu.
Found a gateway leading deeper into the Abyss.
There is a gateway leading deeper into the Abyss here.
A small abomination comes into view.
The small abomination moves out of view.
A ynoxinul comes into view.
There is a gateway leading deeper into the Abyss here.
You can't go up here!
You plunge deeper into the Abyss.
Found a corrupted altar of Lugonu.
A flying skull comes into view.
There is a corrupted altar of Lugonu here.
Something hits you!!
Ouch! That really hurt!
You die...

#.#.###.._..#...#.
#..........# ..
#.##. .#.#.#.# .
####.##..# #
#X..#.# ###..#.###
#.#......#
#.####{...##...
#...@.....# #.
###..#..#.#
....#.##...#
#.###.#.# #..#
.###. ...# .. .#
#... ### .. .#. .#
#


There were no monsters in sight!

Vanquished Creatures
  A jelly (D:4)
  An orc wizard (D:4)
  An adder (D:3)
  A worm (D:2)
  2 dart slugs
  5 orcs
  5 ball pythons
  2 bats
  7 endoplasms
  A giant cockroach (D:1)
  A goblin (D:3)
  6 hobgoblins
  10 frilled lizards (D:1)
  A kobold (D:3)
  2 rats (D:3)
46 creatures vanquished.

Vanquished Creatures (others)
  9 plants (D:1)
9 creatures vanquished.

Grand Total: 55 creatures vanquished

Notes
Turn   | Place    | Note
-------+----------+-------------------------------------------
     0 | D:1      | Sabo the Octopode Conjurer began the quest for the Orb.
     0 | D:1      | Reached XP level 1. HP: 11/11 MP: 3/3
   644 | D:1      | Reached XP level 2. HP: 17/17 MP: 0/5
  1284 | D:2      | Reached XP level 3. HP: 6/21 MP: 1/6
  1656 | D:2      | Found Sapyf's Distillery.
  1692 | D:2      | Bought a potion of curing for 36 gold pieces
  2024 | D:3      | Upgraded the game from 0.29-a0-11-ga75d3d97ab to
                  | 0.29-a0-22-gbf593b16ee
  2027 | D:3      | Learned a level 2 spell: Searing Ray
  2804 | D:3      | Found a stormy altar of Qazlal.
  3132 | D:4      | Reached skill level 5 in Conjurations
  3132 | D:4      | Reached XP level 4. HP: 27/27 MP: 3/7
  3205 | D:3      | Became a worshipper of Qazlal Stormbringer
  3414 | D:4      | Reached skill level 1 in Axes
  3418 | D:4      | Reached XP level 5. HP: 31/31 MP: 2/8
  3453 | D:4      | Cast into level 1 of the Abyss (orc priest)
  3453 | Abyss:1  | Found a corrupted altar of Lugonu.
  3489 | Abyss:1  | Noticed a small abomination
  3490 | Abyss:1  | Noticed a ynoxinul
  3521 | Abyss:2  | Found a corrupted altar of Lugonu.
  3524 | Abyss:2  | Noticed a flying skull
  3531 | Abyss:2  | Noticed a large abomination
  3546 | Abyss:2  | Slain by a lorocyproca

Illustrated notes

Levels and vault maps discovered:
D:1:      ncdulo_wetmaze, layout_loops_cross, serial_park_tiny_pond,
          minmay_lizard_king
D:2:      layout_rooms, serial_shops, shop, skrybe_limestone_x
D:3:      layout_loops_ring, mainiacjoe_overflow_alcove_1, chequers_arboretum
D:4:      layout_loops_corners, uniq_menkaure
Abyss:2:  base: Temple, bh_silent_lugonu_exit, bh_silent_lugonu_exit

Skill      XL: |  1  2  3  4 |
---------------+-------------+-----
Stealth        | 3 |  3.6
Conjurations   | 5 |  5.2
Axes           | 1 |  1.1
Staves         | |  0.1
Dodging        | |  2.4
Spellcasting   | |  2.5

Action                   |  1- 3 |  4- 6 || total
-------------------------+-------+-------++-------
Melee: Hand axe          |     8 |       ||     8
       Tentacles         |     6 |     1 ||     7
       Constrict         |     5 |     1 ||     6
       Punch             |     1 |       ||     1
       Staff             |    18 |     5 ||    23
 Cast: Magic Dart        |    55 |    17 ||    72
       Searing Ray       |     2 |       ||     2
  Use: Potion            |       |     1 ||     1
Dodge: Dodged            |    16 |     4 ||    20

Table legend: (Time is in decaauts)
 A = Elapsed time spent in this place.
 B = Non-inter-level travel time spent in this place.
 C = Inter-level travel time spent in this place.
 D = Time resting spent in this place.
 E = Time spent auto-exploring this place.
 F = Levels seen in this place.
 G = Mean time per level.
                   A        B        C        D        E       F      G
               +--------+--------+--------+--------+--------+-----+--------+
         Total |   3551 |   3551 |      0 |   1121 |      0 |   6 |  591.8 |
       Dungeon |   3458 |   3458 |      0 |   1121 |      0 |   4 |  864.5 |
         Abyss |     92 |     92 |      0 |      0 |      0 |   2 |   46.0 |
               +--------+--------+--------+--------+--------+-----+--------+

Top non-repeatable levels by time:
     D:1: 1170 daAuts
     D:3: 1095 daAuts
     D:2: 750 daAuts
     D:4: 441 daAuts
 Abyss:2: 48 daAuts
 Abyss:1: 43 daAuts
